[Event "European Women-ch 2023"]
[Site "Petrovac"]
[Date "2023.03.21"]
[Round "4.11"]
[White "Maras, Marija Mia"]
[Black "Kejzar, Petra"]
[Result "0-1"]
[ECO "A36"]
[WhiteElo "1051"]
[BlackElo "2128"]
[Annotator "TA"]
[PlyCount "26"]
[EventDate "2023.03.15"]
[EventType "swiss"]
[EventCountry "MNE"]
[SourceTitle "playchess.com"]
[Source "ChessBase"]
[SourceQuality "1"]
[TimeControl "40/5400+30:1800+30"]

1. c4 c5 2. Nc3 Nc6 3. g3 g6 4. Bg2 Bg7 5. e3 e5 6. Nge2 d6 7. O-O Nge7 8. Nd5 Nxd5 {[%emt 0:01:33] [#] A36: Symmetrical English vs ...g6: 4 Bg2 Bg7.} 9. Bxd5 $146 ({Predecessor:} 9. cxd5 Ne7 10. d4 cxd4 11. exd4 O-O 12. dxe5 Bxe5 13. Qb3 Bg4 14. Nc3 Nf5 15. Qa4 Nd4 16. Be3 {1-0 Froewis,G (2434)-Umudova,N (2289) Vienna op 2015 (9)}) 9... Bh3 10. Re1 $1 O-O 11. f4 (11. Nc3 $11 {remains equal.}) 11... Nb4 $17 12. Bxb7 Nd3 13. Bxa8 $4 {[%emt 0:00:14][%mdl 8192] [#]} (13. Be4 $17 Nxe1 14. Qxe1) 13... Qxa8 {[%emt 0:00:06] White got outplayed after the opening.   Weighted Error Value: White=1.24/Black=0.08 (flawless)} 0-1

[Event "European Women-ch 2023"]
[Site "Petrovac"]
[Date "2023.03.21"]
[Round "4.12"]
[White "Gunina, Valentina"]
[Black "Klek, Hanna Marie"]
[Result "1-0"]
[ECO "D37"]
[WhiteElo "2478"]
[BlackElo "2314"]
[Annotator "TA"]
[PlyCount "118"]
[EventDate "2023.03.15"]
[EventType "swiss"]
[EventCountry "MNE"]
[SourceTitle "playchess.com"]
[Source "ChessBase"]
[SourceQuality "1"]
[TimeControl "40/5400+30:1800+30"]

1. d4 Nf6 2. c4 e6 3. Nf3 d5 4. Nc3 a6 5. c5 b6 6. cxb6 {[%emt 0:00:07] D37: Queen's Gambit Declined: 5 Bf4.} c5 ({Much less strong is} 6... Nbd7 7. bxc7 Qxc7 8. Bd2 $14) 7. Bf4 Bd6 {[%emt 0:00:15] Wards off Bc7} 8. Bxd6 {[%emt 0:06:21] The position is equal.} Qxd6 9. Rc1 {[%emt 0:08:28] Hoping for dxc5.} Nbd7 10. e3 {[%emt 0:11:11] [#]} O-O $146 ({Predecessor:} 10... Qxb6 11. b3 Ne4 12. Nxe4 dxe4 13. dxc5 Nxc5 14. Qd4 Nd3+ 15. Bxd3 Qxd4 16. Nxd4 exd3 {½-½ Bromberger,S (2481)-Schneider,J (2338) BL2-Ost 2122 2022 (7.2)}) 11. Be2 Rb8 12. O-O c4 13. Nd2 e5 14. dxe5 Nxe5 15. Nf3 (15. Na4 $5 ) 15... Bf5 16. Qd4 Nc6 17. Qd2 Rfd8 18. Rfd1 $36 {[%emt 0:00:56][%cal Oe2c4][%mdl 2048] Keeping Black busy.} Qb4 19. Nd4 $1 Nxd4 20. Qxd4 Qxb2 {[%emt 0:05:15] [#]} 21. Bxc4 $1 {[%emt 0:01:24][%cal Rc3d5][%mdl 64] Pin, Double Attack} Rxb6 (21... Qxb6 22. Qxb6) 22. Bb3 ({But not} 22. Bxd5 Rbd6 23. Qc4 Nxd5 24. Nxd5 Qe5 $14) 22... Rbd6 {[%emt 0:01:37] [#]} 23. Nb5 $1 {[%emt 0:00:46][%mdl 576] Discovered Attack} Qxd4 24. Nxd4 Bd7 25. f3 h5 26. h4 a5 27. Rd2 {[%emt 0:00:20] White is more active.} Rb8 28. Bd1 Rdb6 29. Nb3 Ra8 30. Kf2 Rb4 31. Rd4 Bb5 32. a3 Rc4 33. Rdxc4 Bxc4 34. Nd2 Bb5 35. Rc5 Bd7 36. Nb1 (36. Bb3 $142) 36... Kf8 $16 37. Nc3 Rc8 ({Better is} 37... Be6) 38. Rxc8+ Bxc8 {[%emt 0:00:04][%mdl 4096] Endgame KBN-KBN} 39. Bb3 Be6 40. Ke2 $1 Ke7 {[%emt 0:00:00] [#]} 41. Kd3 $1 Kd6 42. Kd4 Kc6 43. Ne2 Ng8 (43... Kc7 {keeps fighting.} 44. Nf4 Kd6) 44. Nf4 $18 Ne7 45. Bc2 g6 $2 (45... Kd6 46. Nxh5 g6) 46. Ke5 Bf5 (46... Nf5 $142 47. Bxf5 Bxf5 48. Nxh5 Bb1) 47. e4 dxe4 48. fxe4 Bg4 49. Kf6 Nc8 50. e5 Nb6 51. Kxf7 Nc4 52. e6 Nxa3 53. Ba4+ Nb5 54. Nxg6 {[%emt 0:00:19] Threatening mate with e7.} Kd6 55. Bxb5 {[%emt 0:00:54] White threatens e7 and mate.} Bxe6+ 56. Kf6 Bb3 57. Nf4 a4 {[%emt 0:01:32] [#]} 58. Bxa4 $1 Bxa4 (58... Bc4 59. Nxh5) 59. Nxh5 Kd5 {[%emt 0:00:11] Weighted Error Value: White=0.05 (flawless) /Black=0.44} 1-0

[Event "European Women-ch 2023"]
[Site "Petrovac"]
[Date "2023.03.21"]
[Round "4.12"]
[White "Hrescak, Ivana"]
[Black "Lomaia, Diana"]
[Result "0-1"]
[ECO "A20"]
[WhiteElo "2127"]
[BlackElo "1950"]
[Annotator "TA"]
[PlyCount "78"]
[EventDate "2023.03.15"]
[EventType "swiss"]
[EventCountry "MNE"]
[SourceTitle "playchess.com"]
[Source "ChessBase"]
[SourceQuality "1"]
[TimeControl "40/5400+30:1800+30"]

1. c4 e5 2. g3 Nf6 3. Bg2 c6 4. d4 e4 5. d5 cxd5 6. cxd5 {[%emt 0:00:11] A20: English Opening: 1...e5.} Bb4+ 7. Bd2 Qe7 8. a3 {[%emt 0:14:56] The position is equal.} Bc5 {[%emt 0:03:16] [#]} (8... Bxd2+ $1 $15 9. Qxd2 (9. Nxd2 O-O $11) 9... d6) 9. e3 $146 ({Predecessor:} 9. Nc3 d6 10. Bxe4 Bxf2+ 11. Kxf2 Nxe4+ 12. Nxe4 Qxe4 13. Nf3 O-O 14. Bf4 Bh3 15. Rg1 {0-1 Hala,V (2074)-Koys,M (2086) Czechia KP-chTB 0607 2006 (6.5)}) 9... O-O 10. Nc3 d6 11. h3 $36 {[%emt 0:05:04][%mdl 2048] White has the initiative.} Nbd7 12. Qc2 Re8 13. g4 Qe5 14. Nge2 Bb6 {[%emt 0:09:25] [#]} 15. Ng3 $1 Nc5 16. O-O a5 17. b4 axb4 18. axb4 {[%emt 0:00:01][%mdl 64] Discovered Attack} Rxa1 19. Rxa1 Nd3 {[%emt 0:01:26][%cal Od3f2] aiming for ...Nxf2!} 20. Rb1 $2 {[%emt 0:00:11] [#] This costs White the game.} (20. Bxe4 $6 Nxb4 21. Qb3 Nxe4 22. Ngxe4 Bc5 $14) (20. Ngxe4 $16 {and life is bright.} Nxe4 21. Bxe4 (21. Qxd3 Nxd2 22. Ra8 f5 $11) 21... Nxf2 {[%mdl 64] Decoy} 22. Kxf2 (22. Bxh7+ $2 Kf8 $19) 22... Qh2+ 23. Bg2) 20... Nxf2 $19 {[%emt 0:04:17][%mdl 576] Decoy} 21. Nf1 (21. Kxf2 Qf4+) 21... Nd3 22. Nxe4 Nxe4 (22... Qxd5 $2 23. Nxf6+ gxf6 24. Bxd5 $18) 23. Qxd3 {[%emt 0:00:19] [#]} Nxd2 24. Qxd2 h5 (24... Bxe3+ 25. Nxe3 Qxe3+ 26. Qxe3 Rxe3 27. Rc1 $11) 25. Bf3 hxg4 ({Stronger than} 25... Bxe3+ 26. Nxe3 Qxe3+ 27. Qxe3 Rxe3 28. Kf2 $17) 26. hxg4 Qg5 ({And not} 26... Bxe3+ 27. Qxe3 Qxe3+ 28. Nxe3 Rxe3 29. Kf2 $17) 27. Qg2 Bxe3+ 28. Nxe3 Qxe3+ (28... Rxe3 $2 {too greedy.} 29. Rc1 Re8 30. Rc2 $19) 29. Qf2 Qf4 30. Re1 $2 (30. Rf1 {keeps fighting.} Bxg4 31. Bh1 Qxf2+ 32. Kxf2) 30... Rxe1+ {[%emt 0:00:51] Black is clearly winning.} 31. Qxe1 Qxf3 32. Qe8+ Kh7 33. Qxc8 Qxd5 {[%emt 0:00:37][%mdl 4096] Endgame Strongly threatening ...Kg6. KQ-KQ} 34. Qc2+ (34. Kf2 $142) 34... g6 35. Qf2 {[%emt 0:01:06] Wards off Qd4} Kg7 36. Qb2+ Qe5 37. Qd2 d5 38. g5 d4 39. Kg2 Qe3 {[%emt 0:00:48] Weighted Error Value: White=0.82/Black=0.08 (flawless)} 0-1

[Event "European Women-ch 2023"]
[Site "Petrovac"]
[Date "2023.03.21"]
[Round "4.12"]
[White "Skvortsova, Alena"]
[Black "Zhukova, Natalia"]
[Result "0-1"]
[ECO "C78"]
[WhiteElo "2032"]
[BlackElo "2322"]
[Annotator "TA"]
[PlyCount "70"]
[EventDate "2023.03.15"]
[EventType "swiss"]
[EventCountry "MNE"]
[SourceTitle "playchess.com"]
[Source "ChessBase"]
[SourceQuality "1"]
[TimeControl "40/5400+30:1800+30"]

1. e4 e5 2. Nf3 Nc6 3. Bb5 a6 4. Ba4 Nf6 5. O-O b5 6. Bb3 Bc5 7. c3 d6 8. d4 Bb6 9. a4 Rb8 10. a5 {[%emt 0:00:34] 10.a5 scores better than 10.axb5. C78: Ruy Lopez: Archangelsk and Möller Defences.} Ba7 (10... Nxa5 11. Rxa5 Bxa5 12. dxe5 $14) (10... Bxa5 $2 11. dxe5 dxe5 12. Qxd8+ Kxd8 13. Bd5 (13. Bxf7 Bb6 $16) 13... Nxd5 14. exd5 $18) 11. Be3 Bg4 12. Nbd2 {[%emt 0:00:52] White wants to play dxe5. The position is equal.} exd4 13. cxd4 {[%emt 0:00:09] Hoping for Qc1.} O-O $1 14. h3 Bh5 (14... Bxf3 15. Nxf3 d5 16. e5 $16) 15. Qc1 Nb4 16. Qc3 c5 17. dxc5 dxc5 18. Bg5 $1 {[%emt 0:00:36] e5 is the strong threat.} (18. Bxc5 Rc8 19. Bxa7 Rxc3 20. bxc3 Nd3 $15) (18. g4 Bg6 $15) 18... h6 19. Bh4 Nd3 (19... Nc6 $5 ) 20. e5 (20. Bxf6 {is interesting.} gxf6 21. Rad1 Bxf3 22. Nxf3 c4 23. Bc2) 20... Bxf3 {[%emt 0:01:02] [#]} 21. Bxf6 $146 (21. gxf3 $2 Nf4 22. Bxf6 gxf6 $19) (21. Nxf3 $5 Ne4 $8 22. Qc2 $11) ({Predecessor:} 21. exf6 Be2 22. Rae1 Bxf1 {½-½ Domanov,D (2564)-Giese,G (2494) ST-2015-0-00125 2014}) 21... gxf6 22. Nxf3 {[%emt 0:01:25] Threatens to win with Rad1.} fxe5 23. Nxe5 Nxe5 24. Qxe5 c4 25. Bc2 Qg5 26. Qe4 {[%emt 0:17:29][%csl Gc2][%cal Re4h7] [#]} f5 {[%emt 0:20:03] Active counter play!} (26... Qg6 $11) 27. Qe6+ Kh8 28. Rad1 $40 {[%emt 0:05:21][%cal Od1d7][%mdl 128] And now Rd7! would win. White is up to no good.} ({Of course not} 28. Qxa6 Rg8 29. Qc6 (29. Qxa7 $2 Qxg2#) 29... Rg6 $15) 28... Rf6 29. Qe7 Rg8 30. g4 (30. Qxa7 $2 Qxg2#) 30... Qh4 31. Kh2 {[%emt 0:10:30][%mdl 8192] Prevents Qg3+.} (31. Qxa7 $11 {and White stays safe.} Qxh3 32. f3 Qg3+ 33. Kh1 Qh3+ 34. Kg1 Qg3+ 35. Kh1 Qh3+ 36. Kg1) 31... Bxf2 $19 {[%emt 0:04:35] ( -> ...Qg3+)} 32. Qc7 {[%emt 0:00:04] Wards off Qg3+. Strongly threatening Kg2.} Re8 ({And not} 32... Rxg4 33. Rd8+ Rg8 34. Rxg8+ Kxg8 35. Qd8+ Kf7 36. Qd5+ Kf8 37. Qd8+ Kg7 38. Qe7+ Kg6 39. Qe8+ Kh7 40. Qe7+ Kh8 41. Qe8+ Kh7 42. Qe7+ Kg8 43. Qd8+ Kf7 44. Qd5+ Kf8 45. Qa8+ Kf7 46. Qd5+ $11) 33. Kg2 {[%emt 0:01:35] [#]} (33. Bxf5 {gets mated.} Rxf5 34. gxf5 Bb6 35. Qxb6 Re2+) (33. Rd8 $142 Qg3+ {[%mdl 64] Deflection} 34. Qxg3 Bxg3+ 35. Kxg3 Rxd8 36. Bxf5) 33... Rf7 $3 {[%emt 0:01:38][%mdl 576] Deflection} 34. Qd6 (34. Qf4 Ba7) 34... fxg4 35. Qg6 Qxh3# {[%emt 0:00:06] Ingenious play by Zhukova!   Weighted Error Value: White=0.78/Black=0.04 (flawless)} 0-1

[Event "European Women-ch 2023"]
[Site "Petrovac"]
[Date "2023.03.21"]
[Round "4.13"]
[White "Efroimski, Marsel"]
[Black "Urh, Zala"]
[Result "1-0"]
[ECO "B30"]
[WhiteElo "2451"]
[BlackElo "2294"]
[Annotator "TA"]
[PlyCount "53"]
[EventDate "2023.03.15"]
[EventType "swiss"]
[EventCountry "MNE"]
[SourceTitle "playchess.com"]
[Source "ChessBase"]
[SourceQuality "1"]
[TimeControl "40/5400+30:1800+30"]

1. e4 c5 2. Nf3 Nc6 3. Bb5 e6 4. O-O Nge7 5. Re1 b6 6. c3 {[%emt 0:17:01] B30: Sicilian: 2...Nc6 3 Bb5, lines without ...g6.} a6 7. Bxc6 Nxc6 8. d4 {[%emt 0:00:03] [#] The position is equal.} cxd4 $146 ({Predecessor:} 8... d5 9. Bg5 Be7 10. Bxe7 Nxe7 11. dxc5 bxc5 12. exd5 Nxd5 13. Qa4+ Qd7 14. Qc4 O-O 15. Qxc5 {1-0 Yoo,C (2463)-Narayanan,S (2605) Wch Rapid Almaty 2022 (7)}) 9. cxd4 Qc7 (9... Bd6 $14) 10. Nc3 $16 Be7 ({Black should try} 10... Bb4) 11. Be3 {[%emt 0:03:34] Threatens to win with d5.} O-O 12. Rc1 Bb7 {[%emt 0:28:41] [#]} (12... Bd8 $16 {was called for.}) 13. d5 $1 $18 Ne5 14. Nxe5 (14. Na4 $18 {is the precise move to win.} Nxf3+ 15. Qxf3) 14... Qxe5 $16 15. Bxb6 f5 (15... Rac8 $142) 16. exf5 (16. Bd4 $142 Qd6 17. Na4) 16... Qxf5 17. dxe6 Rf6 $2 (17... Bc5 $2 18. Bxc5 Qxc5 19. Ne4 $18 (19. exd7 $2 Qxf2+ 20. Kh1 Bxg2#)) (17... Bh4 $16 18. Qd4 (18. Qxd7 $2 Bxf2+ 19. Kf1 Bxb6+ 20. Ke2 Rad8 $19) (18. e7 Rfe8 $16) 18... Bg5) 18. exd7 $18 (18. Qxd7 Bxg2 19. Qxe7 Bh3 $11) 18... Rg6 {[%emt 0:08:20][%cal Of5h3] Hoping for ...Qh3!} 19. g3 (19. d8=B $2 Rxg2+ 20. Kf1 Rxf2+ 21. Bxf2 Qh3+ 22. Ke2 Bf3+ 23. Kd2 Rxd8+ $19) (19. d8=Q+ $2 Rxd8 20. Rxe7 (20. Bxd8 Rxg2+ 21. Kh1 Rxh2+ {[%mdl 64] Decoy} 22. Kxh2 Qxf2+ 23. Kh3 Qh4#) (20. Qb3+ $2 Kh8 $19) 20... Rxg2+ 21. Kf1 Rg1+ 22. Kxg1 Rxd1+ 23. Rxd1 Qg5+ 24. Kf1 Qxe7 25. Rd8+ Kf7 $19) 19... Bf3 {[%emt 0:11:52] [#]} 20. Rxe7 $1 Bxd1 21. Re8+ (21. d8=B $2 {is the wrong capture.} Bf3 22. Re8+ Kf7 23. Re7+ Kf8 $19) ({Weaker is} 21. d8=R+ Rxd8 22. Bxd8 Bf3 23. Re8+ Kf7 24. Re7+ Kf8 $11) 21... Kf7 22. Rxa8 Rd6 23. Rxd1 (23. d8=B $2 Bf3 24. Ra7+ (24. Rxa6 {gets mated.} Qh3 25. Ra7+ Kg8) 24... Kg6 $19) 23... Rxd1+ 24. Nxd1 Qe4 25. d8=Q {[%emt 0:00:52] White mates.} Qe1+ 26. Kg2 Qe4+ 27. f3 {[%emt 0:00:05] Weighted Error Value: White=0.47/Black=0.88} 1-0

[Event "European Women-ch 2023"]
[Site "Petrovac"]
[Date "2023.03.21"]
[Round "4.13"]
[White "Garcia Martin, Marta"]
[Black "Hajiyeva, Laman"]
[Result "1-0"]
[ECO "C02"]
[WhiteElo "2306"]
[BlackElo "2118"]
[Annotator "TA"]
[PlyCount "71"]
[EventDate "2023.03.15"]
[EventType "swiss"]
[EventCountry "MNE"]
[SourceTitle "playchess.com"]
[Source "ChessBase"]
[SourceQuality "1"]
[TimeControl "40/5400+30:1800+30"]

1. e4 e6 2. d4 d5 3. e5 c5 4. c3 Qb6 5. Nf3 Nc6 6. a3 Nh6 7. Bd3 $1 {[%emt 0:01:17][%mdl 4] is more profitable than 7.b4 at the moment.} cxd4 {[%emt 0:02:45] C02: French: Advance Variation.} 8. O-O Bd7 9. b4 {[%emt 0:12:14] [#]} Ng4 $146 {[%emt 0:08:09] White has an edge.} ({Predecessor:} 9... a6 10. c4 dxc4 11. Bxc4 Nf5 12. Bd3 Be7 13. Nbd2 Qc7 14. Qe2 Na7 15. Ne4 h5 {0-1 Kulaots,K (2525)-Bacrot,E (2659) EU-ch 23rd Vrnjacka Banja 2023 (4)}) 10. Qe2 dxc3 {[%emt 0:11:59] [#] Strongly threatening ...Nd4.} 11. Nxc3 (11. h3 {is interesting.} c2 12. Nc3 h5 13. Bb2) 11... d4 ({Black should try} 11... Be7 $14) 12. Na4 {[%emt 0:09:30][%mdl 1024] White has strong compensation.} Qc7 13. Bf4 f6 $2 (13... Nf6 $16) 14. Rac1 $18 {[%emt 0:03:49] [#] b5 would be deadly.} Qb8 (14... fxe5 $2 15. Bg3 $18) 15. Bg3 Ncxe5 (15... Ngxe5 {might work better.} 16. Rxc6 {[%mdl 64] Remove Defender} (16. b5 Nxf3+ {[%mdl 64] Remove Defender} 17. Qxf3 Ne5 $16) 16... Bxc6 17. Nxe5 fxe5 18. Bxe5 Bd6 19. Bxg7 Kd7 20. Nc5+ Bxc5 21. Bxh8 Qxh8 22. bxc5 Qf6) 16. Nxe5 $2 (16. Bb5 d3 17. Bxd7+ Kxd7 $18) (16. Nxd4 $18 {has better winning chances. aiming for Bb5.} Bxa4 17. Nxe6) 16... Nxe5 $16 17. Qh5+ Kd8 $2 (17... Ke7 $16 {is a better defense.}) 18. Nc5 $18 Bxc5 19. Rxc5 Nxd3 20. Bxb8 Nxc5 21. Qxc5 Rxb8 22. Qxd4 {[%emt 0:04:03][%cal Of1d1] White wants to mate with Rd1!} (22. Qxa7 $6 Ke7 23. Qxd4 Bc6 24. Qc5+ (24. Rd1 Rhd8 $16) 24... Kf7 $18) 22... Ke7 (22... Rc8 $142 23. Rd1 (23. Qxa7 Bc6 $18) 23... Rc7) 23. Qc5+ (23. Qxa7 Rhc8 24. Re1 Bb5 $18) ({Weaker is} 23. Rd1 Rhd8 24. Qc5+ (24. Qxa7 Bc6 $16) 24... Ke8 25. Qh5+ (25. Qxa7 Bc6 $16) 25... Kf8 26. Qc5+ Ke8 27. Qh5+ (27. Qxa7 Bc6 $16) 27... Kf8 28. Qc5+ Ke8 $18) 23... Kf7 24. Qc7 ({Not} 24. Qxa7 Bc6 25. f3 Rhc8 $16) 24... Rhd8 25. Rd1 Ke8 26. h4 ({Worse is} 26. Rxd7 Rxd7 27. Qxb8+ Rd8 $17) 26... Bc6 27. Rxd8+ Rxd8 28. Qxg7 {[%emt 0:00:22][%mdl 4096] Endgame KQ-KRB} Rd1+ 29. Kh2 Rd7 30. Qg8+ Ke7 31. Qxh7+ Kd6 32. Qh8 Ke5 33. h5 Be4 34. f3 Bb1 35. Qb8+ Kd5 36. Qc8 {[%emt 0:00:43] Weighted Error Value: White=0.20 (precise) /Black=0.75} 1-0

[Event "European Women-ch 2023"]
[Site "Petrovac"]
[Date "2023.03.21"]
[Round "4.13"]
[White "Shuqja, Klean"]
[Black "Petrova, Irina"]
[Result "1-0"]
[ECO "B08"]
[WhiteElo "1884"]
[BlackElo "2123"]
[Annotator "TA"]
[PlyCount "119"]
[EventDate "2023.03.15"]
[EventType "swiss"]
[EventCountry "MNE"]
[SourceTitle "playchess.com"]
[Source "ChessBase"]
[SourceQuality "1"]
[TimeControl "40/5400+30:1800+30"]

1. e4 d6 2. d4 g6 3. Nc3 Bg7 4. Nf3 Nf6 5. Be2 O-O 6. O-O Bg4 7. Be3 Nc6 8. d5 Bxf3 9. Bxf3 Ne5 10. Be2 c6 11. f4 Ned7 12. dxc6 bxc6 13. Qd2 Qc7 {[%emt 0:04:12] B08: Pirc Defence: Classical System.} 14. Bf3 (14. Rad1 $14) 14... Rab8 15. Na4 {[%emt 0:06:07] [#]} c5 $146 {[%emt 0:11:00][%cal Of6e4] White is slightly better.} ({Predecessor:} 15... Nb6 16. Nxb6 axb6 17. c4 Nd7 18. Rfd1 Rfd8 19. Rac1 Ra8 20. a3 Nc5 21. Qc2 Bh6 {½-½ Kobas,A (2320)-Redzepagic,R YUG-ch40 Novi Sad 1985}) 16. Rab1 ({White should play} 16. b3 $16) 16... Rb4 (16... Nxe4 $11 17. Bxe4 Rb4) 17. Nc3 $16 Rc8 18. a3 Rbb8 19. b3 Qa5 20. Nd5 (20. Rfd1 $14) 20... Qxd2 $11 21. Nxf6+ Bxf6 22. Bxd2 Nb6 23. Rfe1 Bg7 (23... Bd4+ $5 24. Kf1 c4 $11) 24. a4 c4 25. a5 Bd4+ 26. Be3 $1 Bxe3+ 27. Rxe3 Nd7 28. b4 Rc5 29. Ree1 Rc7 30. c3 h5 31. Rbd1 f6 32. g3 Kf7 33. Rd4 Rbc8 34. Kf2 Kg7 35. Bd1 Nf8 36. h4 Ne6 37. Rd2 Nf8 (37... a6 $16 {keeps fighting.} 38. Ke3 Rh8) 38. Ba4 (38. g4 $18) 38... Nd7 39. Rd5 {[%emt 0:02:25][%cal Oe4e5] White is more active.} Rf8 40. Kg2 Rfc8 {[%emt 0:00:00] [#]} (40... Kf7 $142 41. Rd4 Rfc8) 41. e5 $1 $18 fxe5 42. Bxd7 Rxd7 43. fxe5 {[%emt 0:00:09][%mdl 4096] Endgame KRR-KRR} Rc6 44. Red1 a6 45. Kf3 Kf7 46. Ke4 Ke6 47. exd6 Rcxd6 48. Rxd6+ exd6 {[%emt 0:00:05] KR-KR} 49. Kd4 d5 $2 (49... Rf7 50. Kxc4 Rc7+ 51. Kd4 d5 52. Re1+ Kd6) 50. Re1+ Kd6 51. Re5 Kc6 52. Re6+ {[%emt 0:00:45][%mdl 64] Skewer} Rd6 53. Re5 Rd7 $1 54. Re8 {[%emt 0:01:10] Dodges Rd8. Rb8 would be deadly. White is clearly winning.} Rd6 (54... Kc7 $142 55. Re6 Rd6) 55. Rb8 Kc7 {[%emt 0:00:32] [#]} 56. Rb6 Rd8 57. Rxg6 Rf8 58. Kxd5 Rf3 59. Kxc4 Kb7 60. Kd4 {[%emt 0:00:41] Weighted Error Value: White=0.23 (precise) /Black=0.29 (precise)} 1-0

[Event "European Women-ch 2023"]
[Site "Petrovac"]
[Date "2023.03.21"]
[Round "4.14"]
[White "Hrebenshchykova, Yelyzaveta"]
[Black "Arabidze, Meri"]
[Result "1/2-1/2"]
[ECO "B85"]
[WhiteElo "2289"]
[BlackElo "2433"]
[Annotator "TA"]
[PlyCount "39"]
[EventDate "2023.03.15"]
[EventType "swiss"]
[EventCountry "MNE"]
[SourceTitle "playchess.com"]
[Source "ChessBase"]
[SourceQuality "1"]
[TimeControl "40/5400+30:1800+30"]

1. e4 c5 2. Nf3 e6 3. d4 cxd4 4. Nxd4 Nc6 5. Nc3 Qc7 6. Be2 Nf6 7. O-O Be7 8. Be3 O-O 9. f4 d6 10. Kh1 Nxd4 11. Qxd4 e5 12. Qd3 a6 13. a4 exf4 14. Bxf4 {[%emt 0:00:55] B85: Sicilian Scheveningen: 6 Be2 a6, lines with early Be3.} Be6 15. Qg3 Rfd8 16. Rad1 {[%emt 0:10:51] The position is equal.} Qc5 {[%emt 0:16:30] [#]} 17. Be3 $146 (17. Bh6 $5 g6 18. Be3 $14) ({Predecessor:} 17. Bh6 Ne8 18. Nd5 Bxd5 19. Rxd5 Qxc2 20. Rdf5 f6 21. Bh5 Kh8 22. Bf7 Rac8 23. Rh5 Qxe4 24. Re1 Qxe1+ 25. Qxe1 gxh6 26. h3 Bf8 27. Qg3 Rc1+ 28. Kh2 Bg7 29. Rxh6 Rc5 30. Qg6 {1-0 Brkic,A (2575)-Galego,L (2485) EU-Cup 28th Eilat 2012 (3.2)}) 17... Qe5 18. Bf4 Qc5 19. Be3 Qe5 20. Bf4 {[%emt 0:02:00] Weighted Error Value: White=0.25 (precise) /Black=0.05 (flawless)} 1/2-1/2

[Event "European Women-ch 2023"]
[Site "Petrovac"]
[Date "2023.03.21"]
[Round "4.14"]
[White "Tsirulnik, Maritsa"]
[Black "Manova, Ivana"]
[Result "1/2-1/2"]
[ECO "D35"]
[WhiteElo "2121"]
[BlackElo "1923"]
[Annotator "TA"]
[PlyCount "95"]
[EventDate "2023.03.15"]
[EventType "swiss"]
[EventCountry "MNE"]
[SourceTitle "playchess.com"]
[Source "ChessBase"]
[SourceQuality "1"]
[TimeControl "40/5400+30:1800+30"]

1. d4 Nf6 2. c4 e6 3. Nc3 d5 4. cxd5 exd5 5. Bg5 Be7 6. e3 c6 7. Bd3 Bg4 8. Nge2 Ne4 {[%emt 0:06:28][%mdl 64] [#] Discovered Attack. D35: Queen's Gambit Declined: Exchange Variation.} 9. Bxe7 Qxe7 10. Bxe4 dxe4 {[%emt 0:01:33] [#] The position is equal.} 11. h3 $146 ({Predecessor:} 11. Qb3 Bxe2 12. Nxe2 O-O 13. O-O Na6 14. f3 Rad8 15. fxe4 Qxe4 16. Ng3 Qe6 17. Qxb7 {½-½ Gordievsky,D (2435)-Krapivin,A (2433) Moscow-ch 2014 (9)}) 11... Bxe2 12. Qxe2 O-O 13. O-O-O Nd7 14. d5 Rac8 15. Kb1 (15. d6 {is more complex.} Qe5 16. Qc4 Rfe8 17. Qd4) 15... Nc5 16. Rd4 cxd5 17. Nxd5 Qe6 18. Qg4 {[%emt 0:06:09] next Qxe6 is good for White.} f5 19. Qg5 Kh8 20. g4 (20. Nf4 $11 Qb6 21. Qe7) 20... g6 (20... Nd3 $15 21. a3 fxg4 22. Qxg4 Qxg4 23. hxg4 Nxf2) 21. Qh6 (21. Nf4 $1 $14 Qe8 22. Rd6) 21... Nd3 $36 {[%emt 0:01:19][%mdl 2048] Threatens to win with ...Qc6. Black fights for an advantage.} (21... fxg4 22. hxg4 Rf7 23. Nf4 $16) 22. Nf4 {[%emt 0:04:30] [#]} (22. a3 $1 $11) 22... Qc6 $1 $17 23. Nxg6+ $2 (23. Nxd3 $17 {is tougher.} exd3 24. e4) 23... Qxg6 $19 24. Qxg6 hxg6 25. f3 Kg7 $2 (25... Rc7 {...Rfc8 is the strong threat.} 26. a3 Nf2) 26. gxf5 gxf5 {[%emt 0:03:47] White must now prevent ...Rfd8.} ({Stronger than} 26... Rxf5 27. fxe4 Nf2 28. Rd7+ (28. exf5 Nxh1 29. Rd7+ Kf6 $15) 28... Kf6 29. exf5 $15) 27. fxe4 fxe4 {[%emt 0:01:53] And now ...Rf2 would win.} 28. Rg1+ Kf6 29. Rxe4 Ne5 30. h4 Kf5 (30... Rg8 $19 31. Rxg8 Rxg8 32. Rf4+ Ke6) 31. Rb4 b6 32. a4 Rg8 33. Rxg8 Rxg8 $17 {[%emt 0:00:01][%mdl 4096] Endgame KRN-KR} 34. a5 Rg6 35. axb6 axb6 ({Much worse is} 35... Rxb6 $6 36. Rxb6 axb6 37. Kc2 $11) 36. Kc2 {[%emt 0:00:23] Prevents Nd3} Rc6+ 37. Kb3 Nd3 38. Rd4 Nc5+ 39. Kb4 Re6 40. Rf4+ Kg6 {[%emt 0:00:00] ...Nd3+ would be deadly.} 41. Kb5 Ne4 42. Rf8 Nf6 43. Rc8 Rxe3 (43... Kf5 $5 ) 44. Kxb6 (44. b4 $11) 44... Rb3+ $1 $15 {[%emt 0:00:21] Black is slightly better.} 45. Kc5 Rxb2 {[%emt 0:00:20] ( -> ...Rc2+)} 46. Ra8 Rh2 47. Ra4 Kh5 48. Kd4 $2 {[%emt 0:00:19][%mdl 40960] Weighted Error Value: White=0.25 (precise) /Black=0.22 (precise) . An unexpected result.} (48. Kd6 $15) 1/2-1/2